 Dungeon Crawl Stone Soup version 0.19.1-1-g22dce08 (webtiles) character file.

1846 grok76 the Thaumaturge (level 8, -4/41 HPs)
             Began as a Deep Elf Wizard on Jan 4, 2017.
             Was a Follower of Sif Muna.
             Slain by an orc warrior
             ... wielding a +0 mace
              (16 damage)
             ... on level 6 of the Dungeon.
             The game lasted 01:26:15 (10915 turns).

grok76 the Thaumaturge (Deep Elf Wizard)           Turns: 10915, Time: 01:26:15

Health: -4/41      AC:  6    Str:  4    XL:     8   Next: 88%
Magic:  0/22       EV: 15    Int: 26    God:    Sif Muna [*.....]
Gold:   274        SH:  0    Dex: 13    Spells: 5 memorised, 13 levels left

rFire  + . .     SeeInvis .     d - +4 quarterstaff (chaos)
rCold  . . .     Gourm    .     r - +0 robe
rNeg   . . .     Faith    .     (shield currently unavailable)
rPois  .         Spirit   +     b - +0 hat
rElec  .         Reflect  .     n - +1 cloak
rCorr  .         Harm     .     (no gloves)
MR     .....                    H - +1 pair of boots
Stlth  +++.......               j - amulet of guardian spirit
                                G - ring of protection from fire
                                E - ring of wizardry

@: no status effects
A: no striking features
a: Divine Energy, Renounce Religion


You were on level 6 of the Dungeon.
You worshipped Sif Muna.
Sif Muna was aware of your devotion.
You were not hungry.

You visited 2 branches of the dungeon, and saw 8 of its levels.

You collected 362 gold pieces.
You spent 88 gold pieces at shops.

Inventory:

Hand Weapons
 d - a +4 quarterstaff of chaos (weapon)
 w - a +0 dagger
Missiles
 P - 16 poisoned needles
Armour
 a - a +0 robe (quivered)
 b - a +0 hat (worn)
 n - a +1 cloak (worn)
 r - a +0 robe (worn)
 H - a +1 pair of boots (worn)
Jewellery
 f - an uncursed ring of flight
 h - an uncursed ring of poison resistance
 j - an amulet of guardian spirit (around neck)
 E - a ring of wizardry (left hand)
 G - a ring of protection from fire (right hand)
Wands
 J - a wand of slowing (25/48)
 M - a wand of lightning (4/15)
Scrolls
 i - a scroll of amnesia {unknown}
 p - a scroll of fog {unknown}
 q - a scroll of recharging {unknown}
 s - a scroll of enchant armour {unknown}
 v - 3 scrolls of remove curse
 x - 2 scrolls of noise
 y - a scroll of fear {unknown}
 z - a scroll of magic mapping
 A - a scroll of enchant weapon {unknown}
 C - a scroll of random uselessness {unknown}
 D - a scroll of immolation {unknown}
 L - 3 scrolls of teleportation
 O - a scroll of brand weapon {unknown}
 Q - a scroll of blinking {unknown}
Potions
 e - 2 potions of berserk rage
 g - a potion of might
 k - a potion of degeneration {unknown}
 l - 2 potions of brilliance {unknown}
 m - a potion of haste {unknown}
 o - 2 potions of flight {unknown}
 t - a potion of curing
 B - 2 potions of heal wounds {unknown}
 F - a potion of lignification {unknown}
 N - a potion of magic
Books
 c - a book of Minor Magic

   Spells                             Type                      Level
   a - Magic Dart                     Conjuration                  1
   b - Blink                          Translocation                2
   c - Call Imp                       Summoning                    2
   d - Repel Missiles                 Charms/Air                   2
   e - Slow                           Hexes                        2
   f - Conjure Flame                  Conjuration/Fire             3
   g - Mephitic Cloud                 Conjuration/Poison/Air       3
 K - a book of Cantrips

   Spells                             Type                      Level
   a - Confusing Touch                Hexes                        1
   b - Animate Skeleton               Necromancy                   1
   c - Summon Small Mammal            Summoning                    1
   d - Apportation                    Translocation                1
Comestibles
 u - 2 beef jerkies
 I - 2 meat rations


   Skills:
 + Level 6.3 Dodging
 * Level 6.5 Stealth
 - Level 8.0 Spellcasting
 - Level 6.5 Conjurations
 - Level 4.3 Charms
 + Level 3.6 Summonings
 + Level 2.0 Translocations
 - Level 0.2 Fire Magic


You had 13 spell levels left.
You knew the following spells:

 Your Spells              Type           Power        Failure   Level  Hunger
a - Magic Dart            Conj           ####         1%          1    None
b - Call Imp              Summ           ####....     1%          2    None
c - Blink                 Tloc           N/A          1%          2    None
d - Conjure Flame         Conj/Fire      ####....     2%          3    None
e - Repel Missiles        Chrm/Air       ###...       1%          2    None


Dungeon Overview and Level Annotations

Branches:
Dungeon (7/15)             Temple (1/1) D:5

Altars:
Ashenzari
Cheibriados
Dithmenos
Elyvilon
Fedhas
Gozag
Hepliaklqana
Makhleb
Nemelex Xobeh
Okawaru
Qazlal
Sif Muna
Trog
Uskayaw
Vehumet
Xom
Yredelemnul
Zin
The Shining One

Shops:
D:5 !   D:6 !

Annotations:
D:4 Pikel
D:5 Edmund


Message History

The orc warrior hits you with a mace!
The orc wizard casts a spell.
The orc wizard seems to speed up.
The orc wizard gestures wildly while chanting.
The orc wizard blinks!
The orc wizard casts a spell at you. The magic dart hits you!
The orc wizard casts a spell at you. The magic dart hits you!
The orc wizard points at you and mumbles some strange words.
The magic dart hits you!
The orc wizard casts a spell.
The orc wizard mumbles some strange words.
The orc wizard blinks!
You closely miss the orc wizard.
The orc wizard gestures at you while chanting.
The magic dart hits you!
* * * LOW HITPOINT WARNING * * *
The orc warrior hits you with a mace!!
You die...

########...#..................
#.............................
#.#........h.................#
#.#.#.....................##.#
#.#.#.............#######.#<.#
#.#.#.............# #.#..#
#.#.#.......<...#########.#..#
#.#.+.......o.................
#.###........@.)#########.#..#
#...'........o..# #.####
#####†..........# #.....
#.......#####.##############
#.......####.§..............
#.....>....'................
#....)....##............[...
#.........##................
#.........##...........#....


You could see an orc warrior, an orc wizard and a jackal (wandering).

Vanquished Creatures
  A sky beast (D:5)
  2 slaves (D:4)
  4 ogres (D:6)
  A necrophage (D:6)
  2 bullfrogs (D:6)
  3 howler monkeys
  2 crimson imps
  A bullfrog skeleton (D:4)
  2 hounds (D:4)
  Crazy Yiuf (D:4)
  4 orc priests
  3 orc wizards
  A quasit (D:6)
  2 centaur skeletons (D:4)
  2 jellies (D:5)
  Terence (D:2)
  4 worker ants
  A hound skeleton (D:4)
  A howler monkey skeleton (D:6)
  4 gnolls
  8 adders
  2 shadow imps
  3 oozes
  An adder zombie (D:6)
  2 adder skeletons
  7 worms
  2 dart slugs
  6 leopard geckos
  16 orcs
  8 bats
  2 bat skeletons (D:5)
  A bat zombie (D:5)
  4 giant cockroaches
  11 goblins
  17 hobgoblins
  21 jackals
  2 quokkas
  3 ball pythons
  9 frilled lizards
  A jackal skeleton (D:5)
  11 kobolds
  13 rats
  A fungus (D:5)
193 creatures vanquished.

Vanquished Creatures (collateral kills)
  An ogre (D:4)
1 creature vanquished.

Grand Total: 194 creatures vanquished

Notes
Turn   | Place    | Note
-------+----------+-------------------------------------------
     0 | D:1      | grok76 the Deep Elf Wizard began the quest for the Orb.
     0 | D:1      | Reached XP level 1. HP: 10/10 MP: 7/7
   345 | D:1      | Reached XP level 2. HP: 13/15 MP: 4/9
   376 | D:1      | Reached skill level 5 in Spellcasting
  1084 | D:1      | Reached XP level 3. HP: 19/19 MP: 5/11
  1869 | D:2      | Reached XP level 4. HP: 21/24 MP: 2/13
  2132 | D:2      | Noticed Terence
  2276 | D:2      | Found a faded altar of an unknown god.
  2806 | D:3      | Learned a level 2 spell: Call Imp
  2809 | D:3      | Learned a level 2 spell: Blink
  2813 | D:3      | Learned a level 3 spell: Conjure Flame
  2816 | D:3      | Learned a level 2 spell: Repel Missiles
  2824 | D:3      | Reached XP level 5. HP: 25/28 MP: 8/14
  3275 | D:3      | Found an opulent altar of Gozag.
  3501 | D:3      | Found a hazy altar of Hepliaklqana.
  4173 | D:4      | Reached skill level 5 in Conjurations
  4196 | D:4      | Reached XP level 6. HP: 26/32 MP: 4/16
  4263 | D:5      | Entered Level 5 of the Dungeon
  4572 | D:4      | Reached skill level 6 in Spellcasting
  5062 | D:5      | Noticed a slave
  5065 | D:5      | Noticed a slave
  5066 | D:5      | Noticed a slave
  5066 | D:5      | Noticed a slave
  5067 | D:5      | Noticed Pikel
  5078 | D:4      | Reached XP level 7. HP: 14/36 MP: 4/18
  5340 | D:5      | Found Etwagag's Distillery.
  5690 | D:5      | Reached skill level 1 in Charms
  5910 | D:5      | Found a glowing golden altar of the Shining One.
  6005 | D:5      | Found a runed door.
  6012 | D:5      | Noticed Crazy Yiuf
  6392 | D:2      | Killed Terence
  7441 | D:5      | Found a staircase to the Ecumenical Temple.
  7703 | Temple   | Entered the Ecumenical Temple
  7836 | Temple   | Became a worshipper of Sif Muna the Loreminder
  7900 | D:5      | Noticed Edmund
  8465 | D:5      | Reached skill level 5 in Stealth
  8668 | D:4      | Reached XP level 8. HP: 17/41 MP: 5/19
  8960 | D:4      | Killed Crazy Yiuf
  9113 | D:5      | Reached skill level 5 in Dodging
  9321 | D:6      | Reached skill level 7 in Spellcasting
  9870 | D:6      | Found Miegi's Distillery.
  9881 | D:6      | Bought a potion of magic for 88 gold pieces
  9986 | D:6      | Reached * piety under Sif Muna
 10529 | D:7      | Reached skill level 8 in Spellcasting
 10915 | D:6      | Slain by an orc warrior

Skill      XL: |  1  2  3  4  5  6  7  8 |
---------------+-------------------------+-----
Spellcasting   | 5 6 8 |  8.0
Dodging        | 3 4 6 |  6.3
Stealth        | 3 5 6 |  6.5
Conjurations   | 2 3 5 6 |  6.5
Charms         | 3 4 |  4.3
Summonings     | 2 3 |  3.6
Translocations | 2 |  2.0
Fire Magic     | |  0.2

Action                   |  1- 3 |  4- 6 |  7- 9 || total
-------------------------+-------+-------+-------++-------
Melee: Unarmed           |     9 |       |       ||     9
       Dagger            |     2 |       |    41 ||    43
       Quarterstaff      |       |       |     1 ||     1
 Cast: Magic Dart        |   106 |   216 |   393 ||   715
       Conjure Flame     |       |     1 |    11 ||    12
       Call Imp          |       |     3 |    13 ||    16
       Blink             |       |       |     4 ||     4
  Use: Scroll            |       |     2 |     6 ||     8
       Potion            |       |       |     3 ||     3
  Eat: Bread ration      |     1 |     2 |       ||     3
       Beef jerky        |     1 |       |     1 ||     2
       Meat ration       |       |       |     2 ||     2
       Royal jelly       |       |       |     1 ||     1
       Pizza             |       |       |     1 ||     1
Armor: Robe              |     8 |    15 |    61 ||    84
Dodge: Dodged            |    24 |    62 |   204 ||   290
